 Dungeon Crawl Stone Soup version 0.32-a0-961-gd60f5e5fc7 (webtiles) character file.

Game seed: 1411744721019992540

46 jasper the Ruffian (level 3, -7/19 HPs)
             Began as a Vine Stalker Fighter on Apr 17, 2024.
             Splashed by a jelly's acid (11 damage)
             ... on level 3 of the Dungeon.
             The game lasted 00:03:08 (1576 turns).

jasper the Ruffian (Vine Stalker Fighter)           Turns: 1576, Time: 00:03:09

Health: -7/19      AC: -4    Str: 18    XL:     3   Next: 66%
Magic:  0/4        EV:  9    Int:  8    God:
Gold:   105        SH:  4    Dex: 12    Spells: 2/2 levels left

rFire   + .          .
                       - Unarmed
rCold   . . .        b - +0 buckler
rNeg    . . .        k - +0 troll leather armour
rPois   .            (no helmet)
rElec   .            q - scarf of Zoomint {+Inv, +Blink rF+ Dex-3}
rCorr   .            (no gloves)
SInv    .            (no boots)
Will    .....        (no amulet)
Stlth   +            (no ring)
HPRegen 1.83/turn    (no ring)
MPRegen 0.09/turn

%: guardian spirit
@: mighty, corroded
A: fangs 2, regeneration 1, magic shield, antimagic bite, no potion heal 2
a: Evoke Blink, Evoke Invisibility


You were on level 3 of the Dungeon.
You visited 1 branch of the dungeon, and saw 3 of its levels.

You collected 105 gold pieces.

Inventory:

Hand Weapons
 l - the +3 sling "Qaulael" {freeze, ^Fragile Will+ Str+5 Int-3}
   (You found it on level 2 of the Dungeon)

   Str+5:     It affects your strength (+5).
   Int-3:     It affects your intelligence (-3).
   Will+:     It increases your willpower.
   ^Fragile:  It will be destroyed if unequipped.
Missiles
 e - 5 poisoned darts
 h - 18 stones
 n - 3 boomerangs (quivered)
Armour
 a - a +0 scale mail
 b - a +0 buckler (worn)
 k - a +0 troll leather armour (worn)
 q - the scarf of Zoomint (worn) {+Inv, +Blink rF+ Dex-3}
   (You acquired it on level 2 of the Dungeon)

   Dex-3:     It affects your dexterity (-3).
   rF+:       It protects you from fire.
   +Blink:    It lets you blink.
Wands
 o - a wand of charming (7)
Potions
 d - 2 potions of brilliance
 f - a potion of haste {unknown}
 g - a potion of enlightenment {unknown}
 i - 2 potions of berserk rage {unknown}
 j - 3 potions of curing {unknown}
 m - a potion of degeneration {unknown}
 p - a potion of mutation {unknown}


   Skills:
 - Level 2.7 Fighting
 - Level 2.4 Armour
 - Level 2.7 Shields
 * Level 3.7 Unarmed Combat


You had 2 spell levels left.
You didn't know any spells.
Your spell library was empty.

Dungeon Overview and Level Annotations

Branches:
Dungeon (3/15)

Altars:


Innate Abilities, Weirdness & Mutations

You have extremely sharp teeth.
Your natural rate of healing is unusually fast.
When hurt, damage is shared between your health and your magic reserves.
Your bite disrupts and absorbs the magic of your enemies.
Potions cannot restore your health.


Message History

There are monsters nearby!
You hit the jelly. The acid corrodes you!
Your hands burn!
You bite the jelly. You drain its power.
You feel invigorated.
The jelly is heavily wounded.
You take 2 damage, and have 17/19 hp.
You hit the jelly but do no damage.
Your hands burn!
You bite the jelly. You drain its power.
The jelly is severely wounded.
The jelly barely misses you. The bat hits you.
You now have 3/4 mp.
HP restored.
The bat hits you. The jelly hits you. The acid corrodes you!
You are splashed with acid.
The ball python barely misses you. The ball python grabs you.
You stop ascending the stairs.
The ball python constricts you.
You take 6 damage, and have 11/19 hp.
MASSIVE DAMAGE!!
You now have 2/4 mp.
You feel very mighty all of a sudden. You block the bat's attack.
You block the jelly's attack. The ball python bites you.
The ball python constricts you.
You take 1 damage, and have 10/19 hp.
You closely miss the ball python. Your bite misses the ball python.
You block the ball python's attack. The ball python constricts you.
The jelly hits you.
You are splashed with acid!
* * * LOW HITPOINT WARNING * * *
The bat hits you.
* * * LOW HITPOINT WARNING * * *
You take 9 damage, and have 1/19 hp.
MASSIVE DAMAGE!!
You now have 0/4 mp.
You escape the ball python's grasp.
You block the bat's attack. The bat closely misses you.
You regained 2 hp, and now have 3/19 hp.
The bat closely misses you.
The ball python attacks as it pursues you!
The ball python bites you.
* * * LOW HITPOINT WARNING * * *
The ball python barely misses you.
There is an escape hatch in the ceiling here.
The jelly hits you.
* * * LOW HITPOINT WARNING * * *
The acid corrodes you!
You are splashed with acid!
Ouch! That really hurt!
You die...

#############
##....<#.....##
#.....$J....).##
#.......S@......#
#.......b.......#
#.......$...$...#
#................
#...............#
##_.....[......##
##...........##
######.######


You could see a jelly, a bat and a ball python.

Vanquished Creatures
  2 dart slugs (D:2)
  A ribbon worm (D:2)
  3 ball pythons
  3 bats (D:1)
  4 endoplasms
  5 giant cockroaches
  2 hobgoblins
  2 jackals (D:1)
  3 frilled lizards
  4 goblins
  5 kobolds
  3 rats
37 creatures vanquished.

Notes
Turn   | Place    | Note
-------+----------+-------------------------------------------
     0 | D:1      | jasper the Vine Stalker Fighter began the quest for the
                  | Orb.
     0 | D:1      | Reached XP level 1. HP: 11/11 MP: 2/2
    78 | D:1      | Reached XP level 2. HP: 16/16 MP: 3/3
   247 | D:1      | Reached skill level 3 in Unarmed Combat
   517 | D:1      | Reached XP level 3. HP: 19/19 MP: 4/4
  1005 | D:2      | Identified the +3 sling "Qaulael" {freeze, ^Fragile Will+
                  | Str+5 Int-3}
  1523 | D:2      | Identified a scroll of acquirement
  1523 | D:2      | Acquired the scarf of Zoomint {+Inv, +Blink rF+ Dex-3}
  1568 | D:3      | Found a faded altar of an unknown god.
  1576 | D:3      | Splashed by a jelly's acid

Illustrated notes

Levels and vault maps discovered:
D:1:      elethiomel_arrival_shortcut, layout_basic, minmay_hexomino_r4
D:2:      layout_loops_ring
D:3:      gammafunk_wand_slinger, layout_rooms,
          mainiacjoe_overflow_six_doors_small, basic_ecumenical_altar,
          serial_shops, nicolae_shop_tiny_statue_garden,
          nicolae_shop_just_a_little_nook, shop, shop, uniq_crazy_yiuf_cottage,
          uniq_robin

Skill      XL: |  1  2 |
---------------+-------+-----
Unarmed Combat | 3 |  3.7
Fighting       | |  2.7
Armour         | |  2.4
Shields        | |  2.7

Action                     || total
---------------------------++-------
  Melee: Unarmed           ||   105
         Bite              ||    26
  Throw: Dart              ||     5
         Boomerang         ||     4
    Use: Scroll            ||     2
         Potion            ||     1
 Armour: Scale mail        ||    21
         Troll leather arm ||    47
         Skin              ||     7
  Dodge: Dodged            ||    33
  Block: Buckler           ||    24

Table legend: (Time is in decaauts)
 A = Elapsed time spent in this place.
 B = Non-inter-level travel time spent in this place.
 C = Inter-level travel time spent in this place.
 D = Time resting spent in this place.
 E = Time spent auto-exploring this place.
 F = Levels seen in this place.
 G = Mean time per level.
                   A        B        C        D        E       F      G
               +--------+--------+--------+--------+--------+-----+--------+
         Total |   1575 |   1515 |     60 |      0 |   1161 |   3 |  525.0 |
       Dungeon |   1575 |   1515 |     60 |      0 |   1161 |   3 |  525.0 |
               +--------+--------+--------+--------+--------+-----+--------+

Top non-repeatable levels by time:
     D:1: 963 daAuts
     D:2: 604 daAuts
     D:3: 7 daAuts
